cohdb
Replays
Latest Replays
All Replays
Popular Replays
Top Player Replays
Match Explorer
How It Works
Community
CoH3 Stats
Reddit
Sign in to upload your games and track your stats! →
Sign in with Steam
Match 45187648
Unlisted
Match 45187648
Overview
Messages
Build Orders
End
Construct Infanterie Kompanie
Selects Breakthrough Battlegroup
Selects Breakthrough Battlegroup
Selects Breakthrough Battlegroup
Selects Breakthrough Battlegroup
Selects Assault Grenadiers
Grenadier Squad
Grenadier Squad
Construct Panzergrenadier Kompanie
Panzergrenadier Squad
Panzergrenadier Squad
Pak 40 Anti-tank Gun Team
Medical Station
Panzergrenadier Officer Quarters
Panzergrenadier Squad
Pak 40 Anti-tank Gun Team
Selects Rapid Production
Selects Blitzkrieg
Construct Panzer Kompanie
Construct Panzer Kompanie
Pioneer Squad
Stoßtruppen Squad
Panzer Officer Quarters
Selects Tiger Heavy Tank
Blitzkrieg
Tiger Heavy Tank
Seocheon
북닥의신
Spectre
FLOKL
0
0
Comments
sign in to comment!
No comments posted yet!